 Dungeon Crawl Stone Soup version 0.21.1-1-g345015f (webtiles) character file.

204 lyrx the Conjurer (level 5, 0/35 HPs)
             Began as a Demonspawn Conjurer on Mar 28, 2018.
             Slain by Edmund
             ... wielding a +0 dire flail of holy wrath
              (6 damage)
             ... on level 4 of the Dungeon.
             The game lasted 00:25:55 (4018 turns).

lyrx the Conjurer (Demonspawn Conjurer)             Turns: 4018, Time: 00:25:58

Health: 0/35       AC:  3    Str:  8    XL:     5   Next: 52%
Magic:  7/11       EV: 17    Int: 18    God:
Gold:   171        SH:  0    Dex: 18    Spells: 5/12 levels left

rFire    . . .     SeeInvis .   o - +2 short sword (speed)
rCold    + . .     Gourm    .   (no shield)
rNeg     . . .     Faith    .   a - +0 robe
rPois    .         Spirit   .   (no helmet)
rElec    .         Reflect  .   (no cloak)
rCorr    .         Harm     .   m - +0 pair of gloves
MR       .....                  (no boots)
Stlth    +++.......             (no amulet)
HPRegen  0.11/turn              (no ring)
MPRegen  0.12/turn              (no ring)

@: agile
A: claws 1, cold resistance 1, powered by pain 1, freezing cloud immunity
a: no special abilities


You were on level 4 of the Dungeon.
You were not hungry.

You visited 1 branch of the dungeon, and saw 4 of its levels.

You collected 171 gold pieces.

Inventory:

Hand Weapons
 o - a +2 short sword of speed (weapon)
Armour
 a - a +0 robe (worn)
 m - a +0 pair of gloves (worn)
Wands
 s - a wand of digging (10)
Scrolls
 d - a scroll of fog
 f - a scroll of magic mapping {unknown}
 j - a scroll of remove curse
 l - a scroll of blinking {unknown}
 n - a scroll of teleportation
 p - 2 scrolls of amnesia {unknown}
Potions
 e - a potion of curing
 h - a potion of flight
 i - a potion of ambrosia {unknown}
 k - a potion of heal wounds
 r - a potion of might {unknown}
Books
 b - a book of Conjurations

   Spells                             Type                      Level
   a - Magic Dart                     Conjuration                  1
   b - Searing Ray                    Conjuration                  2
   c - Dazzling Spray                 Conjuration/Hexes            3
   d - Fulminant Prism                Conjuration/Hexes            4
   e - Force Lance                    Conjuration/Translocation    4
   f - Iskenderun's Mystic Blast      Conjuration                  4
Comestibles
 c - 6 rations


   Skills:
 - Level 1.7 Dodging
 - Level 1.7 Stealth
 + Level 4.0 Spellcasting
 + Level 5.6 Conjurations


You had 5 spell levels left.
You knew the following spells:

 Your Spells              Type           Power        Failure   Level  Hunger
a - Magic Dart            Conj           ###.         1%          1    None
b - Searing Ray           Conj           ###...       2%          2    ##.....
c - Iskenderun's Mystic   Conj           ###.....     14%         4    ####...


Dungeon Overview and Level Annotations

Branches:
Dungeon (4/15)
 Temple: D:4-7

Altars:
Sif Muna
Trog

Annotations:
D:4 Edmund


Innate Abilities, Weirdness & Mutations

You have sharp fingernails.
Your flesh is cold resistant. (rC+)
You sometimes gain a little power by taking damage.
You are immune to freezing clouds.


Message History

You convulse!
Edmund says, "A flail is better than a scythe, any day of the week!"
Edmund grinds his teeth, and then sighs.
Casting: Searing Ray
Confirm with . or Enter, or press ? or * to list all spells.
Aiming: Searing Ray
Press: ? - help, Shift-Dir - straight line, f/p - Edmund
Aim: Edmund, wielding a dire flail of holy wrath and wearing a glowing scale mail (moderately wounded)
The searing ray hits Edmund.
Edmund is heavily wounded. (Press . to maintain the ray.) Edmund misses you.
The searing ray hits Edmund.
Edmund is heavily wounded.
Edmund hits you with a dire flail of holy wrath!
* * * LOW HITPOINT WARNING * * *
You focus on the pain.
You feel agile all of a sudden.
You convulse.
You die...

........ . #..# ..[....#.#.#
#..# .......#.#.# #..# #
.........#.# #####..##.#
..#......#.# #.........#
..#......#.#.########.##.#
.........#.#......# #.# #
.##..#...#.######.###.##.###
...............@@............
....................#.##.....
.....#...................####
..................###.###
###.######.######## #.# ###
### ###


You could see Edmund.

Vanquished Creatures
  The ghost of Mirai the Magician, an amateur DECj (D:3)
  A worker ant (D:2)
  4 adders
  An ooze (D:3)
  2 worms (D:3)
  2 dart slugs
  2 leopard geckos
  3 orcs (D:3)
  7 bats
  3 giant cockroaches
  10 hobgoblins
  3 jackals
  2 quokkas
  2 frilled lizards
  6 goblins
  4 kobolds
  8 rats
61 creatures vanquished.

Notes
Turn   | Place    | Note
-------+----------+-------------------------------------------
     0 | D:1      | lyrx the Demonspawn Conjurer began the quest for the Orb.
     0 | D:1      | Reached XP level 1. HP: 13/13 MP: 3/3
   618 | D:1      | Gained mutation: Your flesh is cold resistant. (rC+) [demonic ancestry]
   618 | D:1      | Reached XP level 2. HP: 19/19 MP: 1/5
   685 | D:1      | Learned a level 2 spell: Searing Ray
  1172 | D:2      | Gained mutation: You are immune to freezing clouds. [demonic ancestry]
  1172 | D:2      | Reached XP level 3. HP: 24/24 MP: 4/7
  1305 | D:2      | Found a bloodstained altar of Trog.
  1614 | D:2      | Found a deep blue altar of Sif Muna.
  1914 | D:2      | Gained mutation: You have sharp fingernails. [demonic ancestry]
  1914 | D:2      | Reached XP level 4. HP: 30/30 MP: 2/8
  2025 | D:2      | Learned a level 4 spell: Iskenderun's Mystic Blast
  2120 | D:3      | Noticed Mirai's ghost (amateur DECj)
  2466 | D:3      | Reached skill level 5 in Conjurations
  3149 | D:3      | HP: 1/30 [Mirai's ghost/magic dart (4)]
  3204 | D:3      | HP: 1/30 [Mirai's ghost/magic dart (6)]
  3205 | D:3      | Killed Mirai's ghost
  3205 | D:3      | Gained mutation: You sometimes gain a little power by taking damage. [demonic ancestry]
  3205 | D:3      | Reached XP level 5. HP: 1/35 MP: 3/11
  3923 | D:4      | Noticed Edmund
  4018 | D:4      | Slain by Edmund

Skill      XL: |  1  2  3  4 |
---------------+-------------+-----
Spellcasting   | 3 4 |  4.0
Conjurations   | 5 |  5.6
Dodging        | |  1.7
Stealth        | |  1.7

Action                   |  1- 3 |  4- 6 || total
-------------------------+-------+-------++-------
Melee: Unarmed           |    12 |       ||    12
       Club              |     5 |       ||     5
 Cast: Magic Dart        |    63 |    47 ||   110
       Searing Ray       |     6 |     9 ||    15
       Iskenderun's Myst |       |     3 ||     3
  Use: Scroll            |       |     5 ||     5
       Potion            |       |     3 ||     3
  Eat: Chunk             |     4 |     1 ||     5
       Ration            |       |     2 ||     2
Armor: Robe              |    13 |    12 ||    25
Dodge: Dodged            |    16 |    33 ||    49
